 Dungeon Crawl Stone Soup version 0.22.0-1-g6561e4c (webtiles) character file.

364 mopl the Caller (level 6, -2/41 HPs)
             Began as a Mummy Summoner on Aug 12, 2018.
             Slain by an iguana (10 damage)
             ... on level 5 of the Dungeon.
             The game lasted 00:07:57 (5785 turns).

mopl the Caller (Mummy Summoner)                    Turns: 5785, Time: 00:07:58

Health: -2/41      AC:  4    Str: 12    XL:     6   Next: 39%
Magic:  4/13       EV: 12    Int: 16    God:
Gold:   221        SH:  0    Dex: 12    Spells: 1/15 levels left

rFire    x . .     SeeInvis .   a - +0 spear
rCold    + . .     Gourm    .   (no shield)
rNeg     + + +     Faith    .   m - +0 robe
rPois    ∞         Spirit   .   (no helmet)
rElec    .         Reflect  .   l - +0 cloak (curse)
rCorr    .         Harm     .   c - +0 pair of gloves
MR       .....                  (no boots)
Stlth    +.........             (no amulet)
HPRegen  0.13/turn              e - ring of attention (curse)
MPRegen  0.13/turn              (no ring)

@: very slightly contaminated
A: no food or potions, fire vulnerability, cold resistance 1, negative energy
resistance 3, torment resistance, unbreathing
a: no special abilities


You were on level 5 of the Dungeon.
You were not hungry.

You visited 1 branch of the dungeon, and saw 5 of its levels.

You collected 221 gold pieces.

Inventory:

Hand Weapons
 a - a +0 spear (weapon)
 b - a +0 blowgun
 h - a +0 dagger
Missiles
 j - 4 tomahawks (quivered)
 o - 43 poisoned needles
Armour
 c - a +0 pair of gloves (worn)
 l - a cursed +0 cloak (worn)
 m - a +0 robe (worn)
Jewellery
 e - a cursed ring of attention (left hand)
 k - an uncursed amulet of faith {!P}
Scrolls
 d - 5 scrolls of teleportation
 f - 5 scrolls of identify
 g - a scroll of magic mapping
 i - a scroll of blinking
 n - 2 scrolls of fear {unknown}
 p - 3 scrolls of enchant weapon
 q - a scroll of enchant armour {unknown}


   Skills:
 - Level 1.5 Dodging
 - Level 1.5 Stealth
 + Level 5.0 Spellcasting
 * Level 5.4 Summonings
 + Level 1.1 Ice Magic
 + Level 0.4 Air Magic


You had one spell level left.
You knew the following spells:

 Your Spells              Type           Power        Failure   Level  Hunger
a - Summon Small Mammal   Summ           ###.         1%          1    N/A
b - Call Imp              Summ           ###.....     2%          2    N/A
c - Call Canine Familiar  Summ           ###.....     4%          3    N/A
d - Summon Ice Beast      Ice/Summ       ##......     36%         4    N/A
f - Summon Lightning Spi  Summ/Air       ##......     41%         4    N/A

Your spell library contained the following spells:

 Spells                   Type           Power        Failure   Level  Hunger
 Confuse                  Hex            #.......     41%         3    N/A
 Confusing Touch          Hex            #.....       16%         1    N/A
 Metabolic Englaciation   Hex/Ice        #.........   98%         5    N/A
 Petrify                  Tmut/Erth      #.......     83%         4    N/A
 Summon Guardian Golem    Hex/Summ       ##......     16%         3    N/A
 Gell's Gravitas          Tloc           #.........   41%         3    N/A
 Yara's Violent Unravell  Hex/Tmut       #.........   99%         5    N/A

Dungeon Overview and Level Annotations

Branches:
Dungeon (5/15)
 Temple: D:4-7

Altars:
Ashenzari
Fedhas
The Shining One


Innate Abilities, Weirdness & Mutations

You do not eat or drink.
Your flesh is vulnerable to fire.
You are immune to poison.
Your flesh is cold resistant. (rC+)
You are immune to negative energy. (rN+++)
You are immune to unholy pain and torment.
You can survive without breathing.


Message History

The iguana closely misses you.
You closely miss the iguana.
The iguana is heavily wounded.
Your hound misses the crimson imp.
Your crimson imp hits the iguana.
The iguana bites you!
* * * LOW HITPOINT WARNING * * *
Your hound bites the crimson imp.
The crimson imp misses your hound.
Your hound barely misses the crimson imp.
Your crimson imp closely misses the iguana.
The iguana closely misses you.
Your hound bites the crimson imp.
The crimson imp closely misses your hound.
Your crimson imp blinks!
Your hound bites the crimson imp.
The crimson imp hits your hound.
Your hound barely misses the crimson imp.
Your crimson imp blinks!
The iguana bites you!
You die...

#....# ###.##
.#
#+#####.##..##
#.5............
+..............
#§.h...........
#..5.######.##.
##....##..##.#
#...@l.....#..
#..........'. .
########..##+
..# .# #


You could see an iguana, a crimson imp, a friendly hound and a friendly crimson
imp.

Vanquished Creatures
  A water moccasin skeleton (D:4)
  2 gnolls (D:2)
  4 adders
  5 oozes
  A worm (D:4)
  2 dart slugs (D:1)
  A leopard gecko (D:4)
  An orc (D:4)
  2 ball pythons
  6 bats
  3 giant cockroaches
  6 goblins
  11 hobgoblins
  2 jackals
  11 kobolds
  3 frilled lizards
  7 rats
68 creatures vanquished.

Vanquished Creatures (collateral kills)
  An ogre (D:4)
  A centaur (D:2)
  An iguana (D:4)
  3 adders
  2 gnolls (D:2)
  An adder skeleton (D:4)
  3 worms (D:2)
  2 dart slugs
  A giant cockroach (D:1)
  A goblin (D:1)
  A hobgoblin (D:2)
  2 jackals
  2 bats
  A frilled lizard (D:3)
  7 kobolds
29 creatures vanquished.

Grand Total: 97 creatures vanquished

Notes
Turn   | Place    | Note
-------+----------+-------------------------------------------
     0 | D:1      | mopl the Mummy Summoner began the quest for the Orb.
     0 | D:1      | Reached XP level 1. HP: 13/13 MP: 4/4
   388 | D:1      | Reached skill level 3 in Spellcasting
   388 | D:1      | Reached XP level 2. HP: 12/19 MP: 6/6
   684 | D:1      | Learned a level 2 spell: Call Imp
  1350 | D:1      | Reached XP level 3. HP: 19/24 MP: 4/7
  1355 | D:1      | Learned a level 3 spell: Call Canine Familiar
  1571 | D:1      | Reached skill level 4 in Summonings
  1757 | D:2      | Found a blossoming altar of Fedhas.
  2365 | D:2      | Reached XP level 4. HP: 9/30 MP: 2/9
  3043 | D:2      | Reached skill level 4 in Spellcasting
  3142 | D:2      | Noticed a centaur
  3159 | D:2      | Killed a centaur
  3159 | D:2      | Reached XP level 5. HP: 5/35 MP: 0/11
  3870 | D:3      | Reached skill level 5 in Summonings
  4149 | D:3      | Learned a level 4 spell: Summon Ice Beast
  4391 | D:3      | Found a glowing golden altar of the Shining One.
  4628 | D:4      | Found a shattered altar of Ashenzari.
  4682 | D:4      | Reached XP level 6. HP: 26/41 MP: 6/13
  4688 | D:4      | Learned a level 4 spell: Summon Lightning Spire
  5238 | D:4      | Reached skill level 1 in Ice Magic
  5417 | D:4      | Reached skill level 5 in Spellcasting
  5758 | D:5      | Entered Level 5 of the Dungeon
  5785 | D:5      | Slain by an iguana

Skill      XL: |  1  2  3  4  5  6 |
---------------+-------------------+-----
Spellcasting   | 3 4 5 |  5.0
Summonings     | 4 5 |  5.4
Ice Magic      | 1 |  1.1
Dodging        | |  1.5
Stealth        | |  1.5
Air Magic      | |  0.4

Action                   |  1- 3 |  4- 6 || total
-------------------------+-------+-------++-------
Melee: Unarmed           |   108 |       ||   108
       Dagger            |   173 |    35 ||   208
       Spear             |       |   216 ||   216
 Cast: Summon Small Mamm |     7 |       ||     7
       Call Imp          |     8 |    16 ||    24
       Call Canine Famil |     1 |    14 ||    15
  Use: Scroll            |       |     4 ||     4
 Stab: Distracted        |     1 |     3 ||     4
Armor: Robe              |    75 |    80 ||   155
Dodge: Dodged            |   195 |   174 ||   369
